 Dungeon Crawl Stone Soup version 0.19-a0-3-g95c6029 (webtiles) character file.

23175 Minkie the Unseen (level 12, -4/84 HPs)
             Began as a Vampire Enchanter on Apr 28, 2016.
             Was a High Priest of Okawaru.
             Slain by Rupert
             ... wielding a +2 executioner's axe of chopping
              (29 damage)
             ... on level 4 of the Lair of Beasts.
             The game lasted 01:10:43 (14320 turns).

Minkie the Unseen (Vampire Enchanter)              Turns: 14320, Time: 01:10:44

Health: -4/84      AC: 14    Str: 10    XL:     12   Next: 69%
Magic:  14/23      EV: 12    Int: 18    God:    Okawaru [*****.]
Gold:   811        SH:  8    Dex: 19    Spells: 3 memorised, 19 levels left

rFire  x . .     SeeInvis +     Z - +7 quick blade
rCold  + + .     Gourm    .     P - +2 leather armour {rN+}
rNeg   + + +     Faith    .     g - +2 buckler
rPois  +         Spirit   .     n - +2 helmet
rElec  .         Dismiss  .     K - +2 cloak
rCorr  .         Reflect  .     l - +2 pair of gloves {Str+3}
SustAt .         Harm     .     (no boots)
MR     +++..                    c - amulet of regeneration
Stlth  ++++++++..               r - ring of protection from magic
                                p - ring of ice

@: frozen, very slightly contaminated, regenerating slowly, invisible, very
slow, extremely resistant to hostile enchantments, extraordinarily stealthy
A: fangs 3, see invisible, low mp 1, magic resistance 1, robust 1, unbreathing
a: Bat Form, Heroism, Finesse, Renounce Religion


You were on level 4 of the Lair of Beasts.
You worshipped Okawaru.
Okawaru was extremely pleased with you.
You were very thirsty.

You visited 3 branches of the dungeon, and saw 16 of its levels.
You also visited: Bailey.

You collected 811 gold pieces.

Inventory:

Hand Weapons
 e - a +2 dagger of speed
 D - a +4 short sword of venom
 Z - a +7 quick blade (weapon)
Missiles
 A - 14 tomahawks (quivered)
Armour
 g - a +2 buckler (worn)
 l - a +2 pair of gloves of strength (worn)
 n - a +2 helmet (worn)
 K - a +2 cloak (worn)
 P - a +2 leather armour of positive energy (worn)
Jewellery
 c - an amulet of regeneration (around neck)
 p - a ring of ice (left hand)
 r - a ring of protection from magic (right hand)
 C - an uncursed ring of wizardry
Wands
 a - a wand of paralysis (15/24)
 h - a wand of iceblast (7/15)
 m - a wand of iceblast (6/15)
 s - a wand of enslavement (6/24)
 w - a wand of disintegration (14/24)
 U - a wand of digging (5/24)
Scrolls
 b - a scroll of enchant armour
 i - 6 scrolls of teleportation
 j - 13 scrolls of remove curse {unknown}
 k - 4 scrolls of fear
 x - 2 scrolls of amnesia
 y - a scroll of recharging
 H - 5 scrolls of identify
 Y - 2 scrolls of magic mapping
Potions
 d - 37 potions of blood
 o - 2 potions of might
 q - 4 potions of haste
 t - 3 potions of cure mutation
 u - 6 potions of curing
 v - 3 potions of brilliance
 z - 3 potions of agility
 B - a potion of invisibility
 E - 2 potions of cancellation
 R - 4 potions of heal wounds
 S - a potion of flight
Books
 f - a Young Poisoner's Handbook

   Spells                             Type                      Level
   a - Sting                          Conjuration/Poison           1
   b - Cure Poison                    Poison                       2
   c - Mephitic Cloud                 Conjuration/Poison/Air       3
   d - Olgreb's Toxic Radiance        Poison                       4
   e - Venom Bolt                     Conjuration/Poison           5


   Skills:
 + Level 1.2 Fighting
 + Level 11.1 Short Blades
 - Level 3.0 Armour
 - Level 2.1 Dodging
 + Level 15.9 Stealth
 - Level 4.0 Shields
 + Level 9.7 Spellcasting
 + Level 14.3 Hexes
 - Level 2.0 Ice Magic


You had 19 spell levels left.
You knew the following spells:

 Your Spells              Type           Power        Failure   Level  Hunger
b - Ensorcelled Hibernat  Hex/Ice        ######       1%          2    None
c - Confuse               Hex            ######..     1%          3    None
d - Invisibility          Hex            ######..     6%          6    ######.


Dungeon Overview and Level Annotations

Branches:
Dungeon (11/15)            Temple (1/1) D:5            Lair (4/8) D:11
    Orc (0/2) D:9
  Swamp: Lair:3-6    Shoals: Lair:3-6     Snake: Lair:3-6    Spider: Lair:3-6

Altars:
Ashenzari
Cheibriados
Dithmenos
Elyvilon
Fedhas
Gozag
Kikubaaqudgha
Makhleb
Nemelex Xobeh
Okawaru
Pakellas
Qazlal
Ru
Sif Muna
Trog
Vehumet
Xom
Yredelemnul
Zin
The Shining One

Shops:
D:7 %

Annotations:
Lair:4 Rupert


Innate Abilities, Weirdness & Mutations

You heal slowly.
You have razor-sharp teeth.
You have supernaturally acute eyesight.
You can survive without breathing.
Your magical capacity is low (-10% MP).
You are resistant to hostile enchantments.
You are robust (+10% HP).


Message History

Confirm with . or Enter, or press ? or * to list all spells.
Aiming: Confuse
Press: ? - help, Shift-Dir - straight line, f - Rupert
Aim: Rupert, wielding an executioner's axe of chopping and wearing a leather armour (chance to defeat MR: 13%) Rupert resists with almost no effort.
Rupert roars madly and goes into a rage!
Rupert goes berserk!
Casting: Confuse
Confirm with . or Enter, or press ? or * to list all spells.
Aiming: Invisibility
Press: ? - help, Shift-Dir - straight line, f - you, p - Rupert You fade into invisibility!
You are very lightly contaminated with residual magic.
Rupert hits you with an executioner's axe of chopping!!
The rime drake breathes ice at you. The flash freeze hits you!
You partially resist.
* * * LOW HITPOINT WARNING * * *
You are encased in ice.
Rupert hits you with an executioner's axe of chopping!!
You die...

.........##. ....#
............. #...#
.............##...##
...................
..............$...#
.................k###
.............$......###
.............[...@....#
.....###........@.P...#
....#.#.........#......#
....###......##.##.....#
.......#......#........#
..............#....P.#.#
....<............###.#..#
.)....P..........# ..#.#
.............)...## #.
.....................


You could see Rupert (berserk) and a rime drake.

Vanquished Creatures
  The ghost of KNBrisson the Cleaver, a journeyman HOBe of Trog (D:11)
  The ghost of Guenter the Cleaver, a novice DsGl of Okawaru (D:11)
  Urug (Lair:2)
  The ghost of edsrzf the Destroyer, a novice TeFE of Vehumet (D:7)
  Pikel (D:5)
  A hill giant (D:11)
  2 orc knights (Bailey)
  A deep elf mage (D:10)
  A cyclops (D:11)
  Psyche (D:9)
  4 rime drakes
  6 spiny frogs
  2 kobold demonologists (Bailey)
  A polar bear (Lair:4)
  Grinder (D:4)
  A queen bee (Lair:2)
  3 two-headed ogres
  A boulder beetle (D:10)
  5 slime creatures (D:9)
  14 yaks
  4 hippogriffs
  A basilisk (Lair:3)
  Menkaure (D:4)
  Edmund (D:5)
  A soldier ant (D:9)
  6 water moccasins
  Duvessa (D:6)
  2 porcupines (Lair:3)
  4 sky beasts
  A swamp drake (D:9)
  12 orc warriors
  3 wasps
  6 ogres
  The ghost of KNBrisson the Chopper, an amateur HOBe of Trog (D:3)
  A slave (D:5)
  2 phantoms
  7 centaurs
  8 crocodiles
  14 giant frogs
  3 scorpions
  Dowan (D:6)
  29 killer bees
  An electric eel (Bailey)
  7 howler monkeys
  2 crimson imps
  3 hounds
  Crazy Yiuf (D:2)
  A gnoll shaman (D:8)
  5 orc priests
  4 iguanas
  A giant frog zombie (D:7)
  10 orc wizards
  Jessica (D:2)
  A giant frog skeleton (D:5)
  10 worker ants
  A hound zombie (D:8)
  A hound skeleton (D:7)
  A worker ant zombie (D:5)
  20 gnolls
  A howler monkey skeleton (D:3)
  17 adders
  24 river rats
  5 shadow imps
  3 oozes
  An adder skeleton (D:8)
  4 worms
  2 dart slugs
  6 giant geckos
  58 orcs
  8 ball pythons
  5 bats
  2 giant cockroaches
  16 goblins
  10 hobgoblins
  6 jackals
  6 kobolds
  5 quokkas
  A giant gecko skeleton (D:4)
  2 giant newts
  2 jackal skeletons (D:4)
  A quokka skeleton (D:9)
  A rat (D:1)
414 creatures vanquished.

Vanquished Creatures (others)
  A slave (D:8)
  An orc wizard (D:8)
  An orc (D:8)
  A plant (Lair:3)
4 creatures vanquished.

Grand Total: 418 creatures vanquished

Notes
Turn   | Place    | Note
--------------------------------------------------------------
     0 | D:1      | Minkie the Vampire Enchanter began the quest for the Orb.
     0 | D:1      | Reached XP level 1. HP: 13/13 MP: 3/3
   511 | D:1      | Reached XP level 2. HP: 13/19 MP: 5/5
   515 | D:1      | Learned a level 2 spell: Ensorcelled Hibernation
  1260 | D:2      | Reached XP level 3. HP: 24/24 MP: 2/6
  1265 | D:2      | Learned a level 3 spell: Confuse
  1515 | D:2      | Reached skill level 5 in Stealth
  1580 | D:2      | Reached skill level 5 in Hexes
  1772 | D:2      | Noticed Jessica
  1779 | D:2      | Killed Jessica
  1779 | D:2      | Reached XP level 4. HP: 30/30 MP: 4/8
  1830 | D:2      | Noticed Crazy Yiuf
  1836 | D:2      | Killed Crazy Yiuf
  2343 | D:3      | Noticed KNBrisson's ghost (amateur HOBe)
  2397 | D:3      | Reached skill level 1 in Ice Magic
  2397 | D:3      | Reached XP level 5. HP: 35/35 MP: 6/9
  2884 | D:3      | Killed KNBrisson's ghost
  2884 | D:3      | Reached skill level 6 in Stealth
  2884 | D:3      | Reached XP level 6. HP: 37/41 MP: 1/10
  3074 | D:4      | Found an ancient bone altar of Kikubaaqudgha.
  3079 | D:4      | Found a bloodstained altar of Trog.
  3083 | D:4      | Found a radiant altar of Vehumet.
  3544 | D:4      | Noticed Grinder
  3564 | D:4      | Killed Grinder
  3564 | D:4      | Reached skill level 7 in Stealth
  3564 | D:4      | Reached XP level 7. HP: 46/46 MP: 9/12
  3727 | D:4      | Noticed Menkaure
  3734 | D:4      | Killed Menkaure
  3765 | D:4      | Found a white marble altar of Elyvilon.
  3765 | D:4      | Found a glowing golden altar of the Shining One.
  3947 | D:5      | Entered Level 5 of the Dungeon
  4223 | D:5      | Reached skill level 8 in Stealth
  4239 | D:5      | Found a staircase to the Ecumenical Temple.
  4244 | Temple   | Entered the Ecumenical Temple
  4322 | Temple   | Became a worshipper of Warmaster Okawaru
  4483 | D:5      | Reached skill level 5 in Short Blades
  4483 | D:5      | Reached XP level 8. HP: 43/52 MP: 10/14
  4511 | D:5      | Noticed Edmund
  4517 | D:5      | Killed Edmund
  4877 | D:5      | Noticed Pikel
  4882 | D:5      | Killed Pikel
  4882 | D:5      | Reached * piety under Okawaru
  4882 | D:5      | Reached skill level 9 in Stealth
  4882 | D:5      | Reached skill level 5 in Spellcasting
  5054 | D:5      | Found a sparkling altar of Nemelex Xobeh.
  5228 | D:6      | Reached ** piety under Okawaru
  5228 | D:6      | Reached skill level 10 in Stealth
  5228 | D:6      | Reached XP level 9. HP: 57/57 MP: 14/17
  5607 | D:6      | Found a shadowy altar of Dithmenos.
  5657 | D:6      | Noticed Duvessa
  5658 | D:6      | Noticed Dowan
  5681 | D:6      | Killed Dowan
  5735 | D:6      | Killed Duvessa
  5972 | D:7      | Got a bloodstained scale mail
  5983 | D:7      | Identified the +1 scale mail "Littux" {rPois rF+ rN+ MP-9} (You found it on level 7 of the Dungeon)
  6092 | D:7      | Reached skill level 10 in Hexes
  6187 | D:7      | Reached skill level 11 in Stealth
  6187 | D:7      | Reached skill level 1 in Shields
  6234 | D:7      | Noticed edsrzf's ghost (novice TeFE)
  6372 | D:7      | Killed edsrzf's ghost
  6372 | D:7      | Reached *** piety under Okawaru
  6613 | D:7      | Found a glowing silver altar of Zin.
  6667 | D:7      | Found Wannopt's Food Boutique.
  6810 | D:7      | Found a stormy altar of Qazlal.
  6945 | D:8      | Reached XP level 10. HP: 63/63 MP: 20/20
  7450 | D:8      | Reached **** piety under Okawaru
  7458 | D:8      | Reached skill level 12 in Stealth
  7963 | D:9      | Reached ***** piety under Okawaru
  8100 | D:9      | Noticed Psyche
  8119 | D:9      | Killed Psyche
  8119 | D:9      | Reached skill level 13 in Stealth
  8255 | D:9      | Found a staircase to the Orcish Mines.
  8454 | D:10     | Entered Level 10 of the Dungeon
  8475 | D:10     | Found a flagged portal.
  8490 | D:10     | Reached XP level 11. HP: 68/68 MP: 17/22
  8556 | Bailey   | Entered a bailey
  8617 | Bailey   | Found an iron altar of Okawaru.
  8907 | Bailey   | Noticed an orc knight
  8907 | Bailey   | Noticed an orc knight
  8918 | Bailey   | Killed an orc knight
  8920 | Bailey   | Killed an orc knight
  9817 | D:10     | Noticed a deep elf mage
  9824 | D:10     | Killed a deep elf mage
  9824 | D:10     | Received a gift from Okawaru
  9845 | D:10     | Learned a level 6 spell: Invisibility
 10257 | D:11     | Noticed a hill giant
 10262 | D:11     | Found a staircase to the Lair.
 10264 | D:11     | Killed a hill giant
 10264 | D:11     | Reached skill level 14 in Stealth
 10273 | Lair:1   | Entered Level 1 of the Lair of Beasts
 10315 | Lair:1   | Gained mutation: Your magical capacity is low (-10% MP). [potion of mutation]
 10315 | Lair:1   | Gained mutation: You are resistant to hostile enchantments. [potion of mutation]
 10315 | Lair:1   | Gained mutation: You are robust (+10% HP). [potion of mutation]
 10848 | Lair:1   | Reached skill level 1 in Armour
 10889 | Lair:1   | Reached skill level 10 in Short Blades
 11206 | D:11     | Noticed KNBrisson's ghost (journeyman HOBe)
 11242 | D:11     | Killed KNBrisson's ghost
 11373 | D:11     | Noticed Guenter's ghost (novice DsGl)
 11486 | D:11     | Killed Guenter's ghost
 11486 | D:11     | Received a gift from Okawaru
 11486 | D:11     | Reached XP level 12. HP: 78/81 MP: 1/22
 12240 | Lair:2   | Noticed Urug
 12247 | Lair:2   | Killed Urug
 12333 | Lair:2   | Reached skill level 15 in Stealth
 12858 | Lair:2   | Reached ****** piety under Okawaru
 13430 | Lair:3   | Received a gift from Okawaru
 14159 | Lair:4   | Reached skill level 1 in Fighting
 14314 | Lair:4   | Noticed Rupert
 14320 | Lair:4   | Slain by Rupert

Vault maps used:
D:1:      dpeg_arrival_snail, supply_closet_lemuel, minmay_misc_feat_square
D:2:      first_bread, uniq_jessica, uniq_crazy_yiuf_cottage
D:4:      minmay_overflow_temple_star_quad, gammafunk_temple_overflow_pools,
          uniq_menkaure, uniq_grinder
D:5:      nemelex_deck, minmay_temple_entry_statues_pillars, serial_glass,
          glass_columns_c, glass_columns_a, glass_columns_c, glass_columns_a,
          uniq_edmund, uniq_pikel
D:6:      grunt_dithmenos_shadows, uniq_duvessa
D:7:      zin_scriptorium, marbit_many_paths, serial_shops, shop_statue,
          grunt_ministairs_6
D:8:      grunt_ministairs_5
D:9:      erik_orc_1, hangedman_pestilent_swarm, uniq_psyche
D:10:     boulder_indie, enter_bailey_1, minmay_librarian
D:11:     lair_0_dummy
Temple:   circular_temple_pool_12
Lair:2:   special_room, nicolae_lair_grove_arrangements, uniq_urug
Lair:3:   special_room, minivault_11, st_stairs_7, columned_hall_lemuel
Lair:4:   nicolae_volcano_entry_s_turn, uniq_rupert
Bailey:   bailey_axe_of_yendor_kennysheep, bailey

Skill      XL: |  1  2  3  4  5  6  7  8  9 10 11 12 |
---------------+-------------------------------------+-----
Short Blades   | 2 3 4 5 6 7 8 10 11 | 11.1
Stealth        | 5 6 7 8 10 11 13 14 15 | 15.9
Hexes          | 5 6 7 9 10 12 13 14 | 14.3
Spellcasting   | 3 4 5 6 7 8 9 |  9.7
Ice Magic      | 1 2 |  2.0
Shields        | 2 4 |  4.0
Armour         | 2 3 |  3.0
Fighting       | 1 |  1.2
Dodging        | |  2.1

Action                   |  1- 3 |  4- 6 |  7- 9 | 10-12 || total
-------------------------+-------+-------+-------+-------++-------
Melee: Dagger            |    96 |    87 |   153 |   228 ||   564
       Bite              |     5 |     9 |    10 |    26 ||    50
       Quick blade       |       |       |       |   260 ||   260
Throw: Tomahawk          |       |       |     3 |       ||     3
 Cast: Ensorcelled Hiber |    17 |    18 |    65 |   160 ||   260
       Confuse           |       |     4 |    14 |    19 ||    37
       Invisibility      |       |       |       |     2 ||     2
 Abil: End Transformatio |       |       |       |     1 ||     1
       Bat Form          |       |       |       |     1 ||     1
  Use: Scroll            |       |       |    10 |    22 ||    32
       Potion            |       |       |       |     4 ||     4
 Stab: Sleeping          |    20 |    25 |    68 |   193 ||   306
       Distracted        |     1 |       |       |       ||     1
       Confused          |       |     4 |     7 |    10 ||    21
       Invisible         |       |       |       |     4 ||     4
Armor: Robe              |    25 |    11 |    21 |    31 ||    88
       Leather armour    |       |       |       |    67 ||    67
Dodge: Dodged            |    55 |    27 |    42 |   160 ||   284
Block: Buckler           |       |       |     4 |   109 ||   113
